 Dungeon Crawl Stone Soup version 0.24.0-13-gcf9b3192b9 (webtiles) character file.

Game seed: 5658695660494212774, levelgen mode: deterministic

76 Delamore the Chopper (level 4, -1/39 HPs)
             Began as a Hill Orc Fighter on Nov 10, 2019.
             Killed from afar by an orc wizard (8 damage)
             ... with a puff of flame
             ... on level 3 of the Dungeon.
             The game lasted 00:02:14 (1764 turns).

Delamore the Chopper (Hill Orc Fighter)             Turns: 1764, Time: 00:02:15

Health: -1/39      AC:  6    Str: 19    XL:     4   Next: 32%
Magic:  4/4        EV:  4    Int:  8    God:
Gold:   101        SH:  9    Dex: 10    Spells: 3/3 levels left

rFire    . . .     SeeInvis +   a - +0 war axe
rCold    . . .     Gourm    .   c - +0 shield
rNeg     . . .     Faith    .   b - +0 scale mail
rPois    .         Spirit   .   (no helmet)
rElec    .         Reflect  .   (no cloak)
rCorr    .         Harm     .   (no gloves)
MR       .....                  (no boots)
Stlth    ..........             (no amulet)
HPRegen  0.13/turn              g - -3 ring of evasion (curse)
MPRegen  0.09/turn              k - ring of see invisible

@: no status effects
A: no striking features
a: no special abilities


You were on level 3 of the Dungeon.
You were not hungry.

You visited 1 branch of the dungeon, and saw 3 of its levels.

You collected 101 gold pieces.

Inventory:

Hand Weapons
 a - a +0 war axe (weapon)
Missiles
 n - 5 javelins (quivered)
Armour
 b - a +0 scale mail (worn)
 c - a +0 shield (worn)
 m - a +0 pair of boots
Jewellery
 g - a cursed -3 ring of evasion (left hand)
 k - a ring of see invisible (right hand)
Scrolls
 h - 2 scrolls of identify
 i - a scroll of fear
 p - a scroll of random uselessness {unknown}
 q - 2 scrolls of teleportation {unknown}
Potions
 d - a potion of might
 e - a potion of curing {unknown}
 j - 2 potions of degeneration {unknown}
 l - a potion of flight
 o - a potion of ambrosia {unknown}
Comestibles
 f - 7 rations


   Skills:
 - Level 3.6 Fighting
 + Level 5.5 Axes
 - Level 3.2 Armour
 + Level 0.7 Dodging
 + Level 0.3 Stealth
 - Level 3.2 Shields


You had 3 spell levels left.
You didn't know any spells.
Your spell library was empty.

Dungeon Overview and Level Annotations

Branches:
Dungeon (3/15)

Altars:


Message History

You completely miss the orc wizard.
The orc wizard is almost dead.
You block the orc wizard's attack. x2
You barely miss the orc wizard.
The orc wizard is almost dead.
The orc wizard hits you with a +0 dagger.
* * * LOW HITPOINT WARNING * * *
You block the orc wizard's attack.
Your shield and scale mail prevent you from hitting the orc wizard.
The orc wizard is almost dead.
The orc wizard gestures at you while chanting.
The magic dart hits you.
* * * LOW HITPOINT WARNING * * *
You block the orc wizard's attack.
You barely miss the orc wizard.
The orc wizard is almost dead.
You block the orc wizard's attack. The orc wizard casts a spell at you.
The puff of flame hits you!
You die...

.....<#.####.####..#..#####
...........................
...##.#.####.####..#..##.##
.##.#............#..##.#
.............####....##.#
.###.#...............##.#
#.#.##.............#.##
##.#.##o..≈....≈........
#....))@...........#..##
......†.##....≈≈.....#..#
.......## .[..≈≈.....#..#
......$ ..............#
......o ..≈....≈......#
....##. ..............##
.#.. #. ................ #.
#o ...###.....#..##
#.#)#.#.>#


You could see an orc wizard (invisible).

Vanquished Creatures
  An adder (D:3)
  A dart slug (D:3)
  A leopard gecko (D:1)
  7 orcs (D:3)
  6 bats
  A giant cockroach (D:1)
  8 goblins
  9 hobgoblins
  4 jackals
  A quokka (D:3)
  A ball python (D:1)
  5 frilled lizards
  2 kobolds (D:1)
  4 rats
51 creatures vanquished.

Notes
Turn   | Place    | Note
-------+----------+-------------------------------------------
     0 | D:1      | Delamore the Hill Orc Fighter began the quest for the Orb.
     0 | D:1      | Reached XP level 1. HP: 19/19 MP: 1/1
    79 | D:1      | Reached skill level 3 in Axes
   134 | D:1      | Reached XP level 2. HP: 26/26 MP: 2/2
   303 | D:1      | Reached skill level 4 in Axes
   413 | D:1      | Reached XP level 3. HP: 22/31 MP: 3/3
  1446 | D:3      | Reached skill level 5 in Axes
  1658 | D:3      | Reached XP level 4. HP: 39/39 MP: 4/4
  1764 | D:3      | Killed from afar by an orc wizard

Levels and vault maps discovered:
D:1:      wheals_arrival_linesprint, layout_basic
D:2:      layout_basic, first_ration, corexii_leaking_fountain
D:3:      layout_basic, nicolae_qazlal_eye_of_the_storm, lemuel_crystal_altar,
          grunt_ministairs_10, skrybe_limestone_x

Skill      XL: |  1  2  3 |
---------------+----------+-----
Axes           | 3 4 5 |  5.5
Fighting       | |  3.6
Armour         | |  3.2
Dodging        | |  0.7
Stealth        | |  0.3
Shields        | |  3.2

Action                   |  1- 3 |  4- 6 || total
-------------------------+-------+-------++-------
Melee: War axe           |   128 |    36 ||   164
  Use: Scroll            |     2 |       ||     2
  Eat: Chunk             |     3 |       ||     3
Armor: Scale mail        |    79 |    24 ||   103
Dodge: Dodged            |    45 |     7 ||    52
Block: Shield            |    85 |    24 ||   109
